 Dungeon Crawl Stone Soup version 0.15.0-31-geb66e34 (webtiles) character file.

82 tkappleton the Magician (level 4, 0/27 HPs)
             Began as a Halfling Wizard on Sept 14, 2014.
             Slain by a gnoll
             ... wielding a +0 spear
              (11 damage)
             ... on Level 2 of the Dungeon.
             The game lasted 00:11:49 (2637 turns).

tkappleton the Magician (Halfling Wizard)           Turns: 2637, Time: 00:11:49

HP   0/27        AC  2     Str  7      XL: 4   Next: 70%
MP   2/9         EV 14     Int 22      God:
Gold 132         SH  0     Dex 12      Spells:  5 memorised,  0 levels left

rFire  . . .     SeeInvis .     s - +2 dagger (freeze)
rCold  . . .     Clarity  .     t - +0 robe
rNeg   . . .     rCorr    .     (no shield)
rPois  .         rRot     .     b - +0 hat
rElec  .         Spirit   .     (no cloak)
SustAb .         Warding  .     (no gloves)
rMut   .         Stasis   .     (no boots)
Gourm  .                        (no amulet)
MR     .....                    (no ring)
                                q - +4 ring of intelligence

@: very slightly contaminated, not resistant to hostile enchantments, unstealthy
A: mutation resistance 1
a: no special abilities


You were on level 2 of the Dungeon.
You were hungry.

You visited 1 branch of the dungeon, and saw 2 of its levels.

You collected 132 gold pieces.

Inventory:

Hand weapons
 s - a +2 dagger of freezing (weapon)
Missiles
 e - 20 arrows
 l - 23 stones (quivered)
Armour
 b - a +0 hat (worn)
 g - a +2 large shield
 i - a +0 leather armour
 t - a +0 robe (worn)
Magical devices
 r - a wand of confusion (12)
Comestibles
 d - 4 bread rations
 n - a beef jerky
Scrolls
 a - a scroll of fear {unknown}
 h - 2 scrolls of identify {unknown}
 k - a scroll of fog {unknown}
 o - a scroll of amnesia {unknown}
Jewellery
 q - a +4 ring of intelligence (left hand)
Potions
 f - a potion of agility {unknown}
 j - a potion of magic {unknown}
 m - a potion of invisibility {unknown}
Books
 c - a book of Minor Magic

   Spells                             Type                      Level
   *Magic Dart                        Conjuration                  1
   *Blink                             Translocation                2
   *Call Imp                          Summoning                    2
   *Repel Missiles                    Charms/Air                   2
   *Slow                              Hexes                        2
   Conjure Flame                      Conjuration/Fire             3
   Mephitic Cloud                     Conjuration/Poison/Air       3


   Skills:
 - Level 2.1 Dodging
 - Level 2.0 Stealth
 + Level 3.3 Spellcasting
 + Level 2.3 Conjurations
 - Level 0.8 Summonings
 - Level 1.1 Translocations


You couldn't memorise any spells.
You knew the following spells:

 Your Spells              Type           Power        Failure   Level  Hunger
a - Magic Dart            Conj           ##..         6%          1    None
b - Blink                 Tloc           N/A          14%         2    ##.....
c - Call Imp              Summ           #.......     14%         2    ##.....
d - Repel Missiles        Chrm/Air       #.....       21%         2    ##.....
e - Slow                  Hex            #.......     21%         2    ##.....


Dungeon Overview and Level Annotations

Branches:
Dungeon (2/15)

Altars:


Innate Abilities, Weirdness & Mutations

You are small and have problems with some larger weapons.
You are somewhat resistant to further mutation.


Message History

Casting: Call Imp
Confirm with . or Enter, or press ? or * to list all spells.
Aiming: Magic Dart
Press: ? - help, Shift-Dir - straight line, f/p - gnoll
Aim: a gnoll, wielding a spear (heavily wounded)
You miscast Magic Dart.
Your skin tingles.
The gnoll hits you but does no damage.
Casting: Magic Dart
Confirm with . or Enter, or press ? or * to list all spells.
Aiming: Magic Dart
Press: ? - help, Shift-Dir - straight line, f/p - gnoll
Aim: a gnoll, wielding a spear (heavily wounded)
You miscast Magic Dart.
Nothing appears to happen.
The gnoll hits you from afar with a spear!
The gnoll closely misses something.
The gnoll hits you but does no damage.
You barely miss the gnoll.
The gnoll is heavily wounded.
The gnoll hits something but does no damage.
The gnoll hits you with a spear!
You die...

#### ...## #..###### . #......#
#. # ####......# #.. #####
##.gKg.....## #..# ....##
##.@##.......# #...# .....##
##..###..K%g..##....#
......#######.%## #.....g..%.#
..............########.#.....#
.................# #.#%.##.#
...)..######.....### #....# .g.
........................... .....
.................###....####.....
........................ .....


You could see 2 gnolls and a kobold.

Vanquished Creatures
  2 adders (D:2)
  A gnoll (D:2)
  2 giant geckos
  2 oozes
  5 hobgoblins
  A quokka (D:2)
  5 bats
  2 giant newts
  3 goblins
  4 jackals (D:1)
  6 kobolds
  2 rats (D:2)
35 creatures vanquished.

Vanquished Creatures (collateral kills)
  Jessica (D:2)
  2 adders (D:2)
  A goblin (D:2)
4 creatures vanquished.

Grand Total: 39 creatures vanquished

Notes
Turn   | Place    | Note
--------------------------------------------------------------
     0 | D:1      | tkappleton, the Halfling Wizard, began the quest for the Orb.
     0 | D:1      | Reached XP level 1. HP: 11/11 MP: 3/3
   364 | D:1      | Reached skill level 1 in Conjurations
   515 | D:1      | Reached XP level 2. HP: 13/17 MP: 0/5
   567 | D:1      | Learned a level 2 spell: Blink
   570 | D:1      | Learned a level 2 spell: Call Imp
  1825 | D:1      | Reached XP level 3. HP: 21/21 MP: 3/6
  1838 | D:1      | Learned a level 2 spell: Repel Missiles
  2154 | D:2      | Noticed Jessica
  2173 | D:2      | Killed Jessica
  2173 | D:2      | Reached skill level 3 in Spellcasting
  2181 | D:2      | Reached XP level 4. HP: 11/27 MP: 2/9
  2368 | D:2      | Learned a level 2 spell: Slow
  2637 | D:2      | Slain by a gnoll

Action                   |  1- 3 |  4- 6 || total
-------------------------+-------+-------++-------
Melee: Unarmed           |    63 |       ||    63
       Dagger            |       |     6 ||     6
 Cast: Magic Dart        |    57 |    31 ||    88
       Call Imp          |     2 |     1 ||     3
  Eat: Chunk             |     4 |     1 ||     5
